[Event "Portuguese Team Blitz-ch 2022"]
[Site "Viseu"]
[Date "2022.06.12"]
[Round "2.2"]
[White "Martins, Bruno Andre Leite"]
[Black "Ribeiro, Gustavo"]
[Result "1-0"]
[ECO "B54"]
[WhiteElo "2327"]
[BlackElo "1867"]
[Annotator "TA"]
[PlyCount "119"]
[EventDate "2022.06.12"]
[EventType "team-tourn"]
[EventCountry "POR"]
[SourceTitle "playchess.com"]
[Source "ChessBase"]
[SourceQuality "1"]
[TimeControl "180+2"]

1. e4 c5 2. Nf3 d6 3. d4 cxd4 4. Nxd4 g6 5. g3 Bg7 6. Bg2 Nc6 7. Ne2 Nf6 8. O-O O-O 9. Nbc3 Bg4 10. h3 Bd7 11. a4 Rc8 12. Nd5 {B70: Sicilian Dragon: 6 g3 and 6 Be2 (without a later Be3).} Nxd5 13. exd5 Ne5 14. Ra2 $1 {White is better.} Qc7 15. b3 f5 (15... Bf5 $142) 16. Re1 {[#]} Rfe8 $146 ({Predecessor:} 16... Rce8 17. Nd4 a6 18. c4 Nf7 19. Rae2 Bf6 20. Kh2 Kh8 21. Bb2 Kg8 22. f4 Rb8 {1-0 (29) Urjubdshzirov,E (2173)-Fazulyanov,S (2354) Moscow 2008}) 17. c4 a6 18. a5 Rb8 {[#]} (18... b6 $16) 19. Be3 $1 $18 Kh8 (19... Qc8 $142 20. Qd2 Nf7) 20. Bb6 Qc8 21. Nd4 Bf6 22. f4 Nf7 23. Rae2 Nd8 24. Kh2 Kg7 25. Bf3 Kf7 26. Kg2 h5 27. Re3 h4 $2 (27... Kg7 28. Kg1 Ra8) 28. g4 g5 29. gxf5 {Hoping for Bh5+.} gxf4 30. Bh5+ Kg7 31. Re6 (31. Qg4+ $142 Kh8 32. Bxe8 Bxe8 33. Rxe7) 31... Nxe6 32. fxe6 ({Less strong is} 32. Nxe6+ Bxe6 33. Qg4+ Kh8 34. Rxe6 (34. Bxe8 Bxd5+ 35. cxd5 Qxe8 $11) 34... Rg8 $18) 32... Rh8 33. exd7 Qxd7 34. Ne6+ Kh6 35. Bg4 (35. Bf7 $142 Rbg8+ 36. Kh1 Rg5 37. Rg1 Qxe6 38. dxe6 Rhg8 39. Bxg8 Rg3 40. Rxg3) 35... Qe8 36. Bd4 {This bishop pair is nice.} Bg5 37. Bxh8 (37. Bg7+ $142 Kh7 38. Bf5+ Kg8 39. Bxh8 Qf7 40. Qg4 Kxh8 41. Nxg5 Qg7 42. Qh5+ Kg8 43. Be6+ Kf8 44. Kh1) 37... Qxh8 38. Nxg5 Kxg5 39. Rxe7 Qc3 40. Qf3 Qb2+ 41. Re2 Qd4 {[#]} 42. Qe4 (42. Bc8 $142 $1 Qf6 (42... Qg7 43. Kh2) 43. Qg4+ Kh6 44. Re6 f3+ 45. Qxf3 Qxe6 46. Bxe6 b5 47. Qf6+ Kh7 48. Kf3) 42... Qf6 43. Qe7 {aiming for Qxf6+.} Rf8 44. Qxf6+ Rxf6 {[%mdl 4096] Endgame KRB-KR} 45. Re6 {White wants to mate with Rxf6.} f3+ 46. Bxf3 Rf4 47. Rxd6 Rd4 48. Be2 {White threatens Kf3 and mate.} Rd2 49. Kf2 {Ke3 would kill now.} Rb2 50. Rb6 {White mates.} Kf4 51. d6 Rd2 52. c5 Rd4 53. Rxb7 Ke5 54. b4 Rf4+ 55. Ke3 Re4+ 56. Kd2 Rd4+ 57. Kc3 Re4 58. Bd3 Re3 59. Re7+ Kf4 60. Rxe3 {Black got outplayed after the opening.  Weighted Error Value: White=0.25 (precise) /Black=1.60} 1-0

[Event "Portuguese Team Blitz-ch 2022"]
[Site "Viseu"]
[Date "2022.06.12"]
[Round "2.3"]
[White "Carvalho, Vitor Hugo Pina Soar"]
[Black "Rego, Pedro Filipe"]
[Result "0-1"]
[ECO "B31"]
[WhiteElo "1818"]
[BlackElo "2251"]
[Annotator "TA"]
[PlyCount "72"]
[EventDate "2022.06.12"]
[EventType "team-tourn"]
[EventCountry "POR"]
[SourceTitle "playchess.com"]
[Source "ChessBase"]
[SourceQuality "1"]
[TimeControl "180+2"]

1. e4 c5 2. Nf3 Nc6 3. Bb5 g6 4. O-O Bg7 5. c3 Nf6 6. Re1 O-O 7. d4 d5 8. e5 Ne4 9. Nbd2 cxd4 10. cxd4 Nxd2 {[%emt 0:00:04] 10...Qb6 is the modern continuation.} 11. Bxd2 Qb6 {[%emt 0:00:01][%csl LRb5,LRd4] B31: Sicilian: 2...Nc6 3 Bb5 g6.} 12. Bxc6 Qxc6 13. Rc1 Qb6 {[%emt 0:00:04] [#] The position is equal.} 14. b3 $146 ({Predecessor:} 14. Qb3 Bg4 15. Rc5 Qxb3 16. axb3 b6 17. Rc7 Rfc8 18. Rxe7 Bf8 19. Rb7 Rc2 20. Bc3 {1-0 (39) Trushelyov,V (2340)-Belous,V (2428) Moscow 2008}) 14... Bf5 15. Be3 Rac8 16. Qd2 Be4 17. Ng5 Bf5 18. Nf3 Bg4 19. h3 Bxf3 20. gxf3 f6 21. f4 fxe5 22. fxe5 (22. dxe5 $5 Qe6 23. Rxc8 Rxc8 24. Bxa7 $14) 22... Qe6 23. Kh2 $2 {[%emt 0:00:09][%mdl 8192] [#]} (23. Kg2 $11 {and White has nothing to worry.}) 23... Qf5 $2 (23... Rf3 $19 24. Rxc8+ Qxc8) 24. Qe2 e6 25. Qg4 Qf7 26. Rg1 $1 Qd7 27. Kh1 Rf5 28. Rxc8+ Qxc8 29. Rc1 Qd7 30. Kh2 Bf8 31. Bg5 (31. Qd1 $11 {remains equal.}) 31... Rxf2+ $17 32. Kg3 Rf5 ({Black should play} 32... Rxa2 $19 33. Rf1 Bg7) 33. Bf6 (33. Be3 $17 {was called for.}) 33... Be7 $19 34. Bxe7 Qxe7 35. Rc8+ Kg7 36. Rc3 $2 {[%emt 0:00:06] [#]} (36. Kh2) 36... Rg5 {[%emt 0:00:02] Weighted Error Value: White=0.63/Black=0.25 (precise)} 0-1

[Event "Portuguese Team Blitz-ch 2022"]
[Site "Viseu"]
[Date "2022.06.12"]
[Round "2.4"]
[White "Silva, Goncalo Nuno Neto Pi"]
[Black "Brosa Alvarez, Ricardo"]
[Result "1-0"]
[ECO "B40"]
[WhiteElo "2169"]
[BlackElo "2113"]
[Annotator "TA"]
[PlyCount "98"]
[EventDate "2022.06.12"]
[EventType "team-tourn"]
[EventCountry "POR"]
[SourceTitle "playchess.com"]
[Source "ChessBase"]
[SourceQuality "1"]
[TimeControl "180+2"]

1. e4 c5 2. Nf3 e6 3. c3 d5 4. exd5 exd5 5. d4 Nf6 6. Bb5+ Nc6 7. O-O Be7 8. dxc5 {[%emt 0:00:01] B22: Sicilian: 2 c3.} Bxc5 {[%emt 0:00:05] 8...Bxc5 scores better than 8...0-0.} 9. Re1+ Be6 10. Ng5 {[%emt 0:00:06] [#]} (10. Be3 $11 Bxe3 11. Rxe3) 10... Qd7 $146 ({Black should play} 10... Bxf2+ $1 $17 11. Kxf2 Qb6+ 12. Be3 Qxb5) ({Predecessor:} 10... O-O 11. Rxe6 fxe6 12. Nxe6 Qb6 13. Nxf8 Rxf8 14. Bxc6 Bxf2+ 15. Kh1 bxc6 16. Nd2 Be3 {½-½ (53) Tiarks,J (2180)-Mikhnenko,A (2095) Chess.com INT 2022}) 11. Nxe6 $11 fxe6 12. Qe2 (12. Be3 $5 Bxe3 13. Rxe3 $11) 12... Ne4 13. Be3 Bxe3 14. Qxe3 Kf7 (14... O-O $14) 15. f3 (15. Nd2 $16 Nxd2 16. Qf4+ (16. Qxd2 Rhe8 $14) 16... Kg8 17. Qxd2) 15... Nf6 $14 16. Nd2 Rhe8 17. Nb3 a6 18. Nc5 Qe7 19. Ba4 {[%emt 0:00:07][%cal Bb5a4,Ba4b3,Bb3d5,Bd5c6,Bc6b7,Bb7a6,Ba6c4][%mdl 32] White is more active.} b5 20. Bb3 Nd7 $2 {[%emt 0:00:07] [#]} (20... Qa7 $14) 21. Nxe6 $1 $18 Qxe6 (21... Nf6 22. Ng5+) 22. Qf4+ Qf6 23. Bxd5+ Kf8 24. Qxf6+ Nxf6 25. Rxe8+ Rxe8 26. Bxc6 {[%emt 0:00:01][%mdl 4096] Endgame KRB-KRN} Re2 27. b3 Rc2 28. Bb7 Rxc3 29. Bxa6 b4 30. Bc4 Nd7 31. a3 bxa3 32. Rxa3 Nb6 33. Be2 Nd5 34. Ra8+ Ke7 35. Kf2 $2 ({Better is} 35. Ra7+ $18 Kf6 36. Bc4) 35... Rxb3 (35... Rc2 $11) 36. Ra7+ Kf6 37. Bc4 Rb2+ 38. Kg3 Ne3 39. Bd3 (39. Ra6+ $16 Kf5 40. Be6+ Ke5 41. f4+ Ke4 42. Ra4+ Kd3 43. h4) 39... Rxg2+ $11 40. Kh3 Rf2 41. Be4 (41. Bxh7 $2 {gets mated.} Rxf3+ 42. Kh4 g5+ 43. Kh5 Rh3#) 41... Nc2 $2 (41... Nf1 $11 42. f4 Rxf4 43. Bxh7 Rf2) 42. Ra2 $18 Ke5 43. Rxc2 Rxc2 44. Bxc2 {[%emt 0:00:00] KB-KPP} Kf4 45. Kg2 g5 46. Bxh7 $2 (46. Bd1 $18 h5 47. h3) 46... g4 $11 {[%emt 0:00:00] The position is equal.} 47. h4 gxf3+ 48. Kh3 f2 49. Bd3 f1=Q+ {[%emt 0:00:00][%mdl 32768] Weighted Error Value: White=0.33/Black=0.47. Loss on time!?} 1-0

[Event "Portuguese Team Blitz-ch 2022"]
[Site "Viseu"]
[Date "2022.06.12"]
[Round "2.5"]
[White "Santos, Jose Guilherme B Lim"]
[Black "Vidolin, Rodrigo Goncalves"]
[Result "1-0"]
[ECO "A04"]
[WhiteElo "2365"]
[BlackElo "1684"]
[Annotator "TA"]
[PlyCount "55"]
[EventDate "2022.06.12"]
[EventType "team-tourn"]
[EventCountry "POR"]
[SourceTitle "playchess.com"]
[Source "ChessBase"]
[SourceQuality "1"]
[TimeControl "180+2"]

1. Nf3 Nc6 2. g3 e5 3. Bg2 Bc5 4. O-O Nf6 5. Nxe5 Nxe5 6. d4 {A04: Unusual lines after 1 Nf3 and King's Indian Attack.} Bxd4 7. Qxd4 Nc6 {[#]} 8. Qd2 $146 {White is better.} ({Predecessor:} 8. Qd1 O-O 9. e4 Re8 10. Bg5 h6 11. Bxf6 Qxf6 12. Nc3 d6 13. Nd5 Qd8 14. Re1 {0-1 (44) Jansen,A (649)-Thingstad,A (1301) Moss 2006}) 8... O-O 9. c4 {Prevents d5.} d6 10. Nc3 Be6 11. b3 Re8 12. Bb2 Qd7 13. Rad1 (13. Nd5 $16 Bxd5 14. cxd5 (14. Bxd5 Nxd5 15. cxd5 Ne5 $14)) 13... Rad8 ({Black should try} 13... Bh3 $14) 14. Nd5 Bxd5 15. cxd5 ({But not} 15. Bxd5 $6 Nxd5 16. cxd5 Ne5 $14) 15... Ne7 16. e4 c6 17. Bxf6 gxf6 18. Qd4 f5 {[#]} (18... Kg7 $16) 19. Rfe1 $2 ({Less strong is} 19. Qxa7 fxe4 20. Bxe4 c5 $16) (19. Bh3 $1 $18 {is the precise move to win.}) 19... c5 20. Qf6 {0x0.000bd68b5fd8dp-1022s more active pieces.} ({Better is} 20. Qd3) 20... fxe4 $16 21. Bxe4 Ng6 $2 (21... Qg4 $16 {was worth a try.}) 22. h4 $2 (22. Bf5 $18 {and the rest is easy.} Qb5 23. h4 Rxe1+ 24. Rxe1) 22... Qg4 (22... Qe7 $16 23. Qf3 Qf8) 23. Bf3 $18 Rxe1+ $2 (23... Qd7 24. h5 Ne5 25. Rxe5 Rxe5) 24. Rxe1 Qd7 25. Bg4 Qc7 (25... Qxg4 $18 26. Qxd8+ Kg7) 26. f4 $2 (26. h5 {mates} Qa5 27. b4 Qxb4 28. Qxd8+ Kg7 {[#]} 29. Re8 $1 Qxg4 30. Rg8+ Kh6 31. hxg6 fxg6 32. Qxd6) 26... Rf8 (26... Kf8 $142 27. h5 Re8 28. Rxe8+ Kxe8 29. hxg6 hxg6) 27. h5 {[%cal Bh4h5,Bh5h6][%mdl 32] h6 would kill now.} Nh8 28. h6 {Weighted Error Value: White=0.80/Black=1.02} 1-0

[Event "Portuguese Team Blitz-ch 2022"]
[Site "Viseu"]
[Date "2022.06.12"]
[Round "2.7"]
[White "Bartolo, Filipe Diogo Correia"]
[Black "Lemos, Simao Ferreira"]
[Result "1-0"]
[ECO "C50"]
[WhiteElo "1811"]
[BlackElo "1105"]
[Annotator "NA RC COMBH"]
[PlyCount "45"]
[EventDate "2022.06.12"]
[EventType "team-tourn"]
[EventCountry "POR"]
[SourceTitle "playchess.com"]
[Source "ChessBase"]
[SourceQuality "1"]
[TimeControl "180+2"]

1. e4 e5 2. Nf3 Nc6 3. Bc4 Bc5 4. O-O d6 5. h3 Be6 6. Bb5 Bd7 7. c3 Nf6 8. d4 exd4 9. cxd4 Bb6 10. Nc3 O-O 11. Bg5 h6 12. Bh4 a6 13. Bxc6 Bxc6 14. d5 Bb5 15. Nxb5 axb5 16. Nd4 g5 17. Bg3 Nxe4 18. Nf5 Qf6 19. Qg4 Nxg3 20. Nxg3 Qxb2 21. h4 f6 22. Nf5 Rfe8 23. Qh5 1-0

[Event "Portuguese Team Blitz-ch 2022"]
[Site "Viseu"]
[Date "2022.06.12"]
[Round "2.8"]
[White "Martins Jr Sobrinho, Manuel De"]
[Black "Gallo Garcia, Kemel Antonio"]
[Result "1-0"]
[ECO "B13"]
[WhiteElo "2002"]
[BlackElo "2332"]
[Annotator "TA"]
[PlyCount "73"]
[EventDate "2022.06.12"]
[EventType "team-tourn"]
[EventCountry "POR"]
[SourceTitle "playchess.com"]
[Source "ChessBase"]
[SourceQuality "1"]
[TimeControl "180+2"]

1. e4 c6 2. d4 d5 3. exd5 cxd5 4. c3 Nf6 5. Bd3 Nc6 6. Ne2 Bg4 7. O-O e6 {[%emt 0:00:01] B13: Caro-Kann: Exchange Variation and Panov-Botvinnik Attack.} 8. Bf4 Bd6 9. f3 Bh5 {[%emt 0:00:18] The position is equal.} 10. Re1 O-O 11. Nd2 Qc7 12. Bxd6 Qxd6 {[%emt 0:00:03] [#]} 13. Ng3 $146 ({Predecessor:} 13. Nf1 a6 14. Qd2 Bg6 15. Nf4 Bxd3 16. Nxd3 Nd7 17. Ne3 b5 18. Ng4 Na5 19. Qg5 {½-½ (19) Popelyshev,I (2109)-Zhukov,D (2059) Rybinsk 2009}) 13... Bg6 14. Ndf1 Rae8 15. Bb5 a6 16. Bxc6 Qxc6 17. Qe2 Qd6 18. Qe5 Qb6 19. Re2 Nd7 20. Qf4 f6 21. Rae1 {[%emt 0:00:02] [#]} (21. Ne3 $11) 21... e5 (21... Ne5 $1 $17 {And now ...Nd3 would win.} 22. Qd2 Nd3) 22. Qd2 $11 Rf7 (22... f5 $11 {keeps the balance.}) 23. Kh1 ({White should try} 23. Ne3 $16) 23... Rfe7 24. dxe5 fxe5 (24... Nxe5 $11 25. Qxd5+ Kf8) 25. Qxd5+ Kh8 26. Ne4 {[%emt 0:00:10] Prevents Nc5.} Bf7 27. Qd2 ({White should play} 27. Qd6 $18) 27... Kg8 (27... Bxa2 $16 {keeps fighting.} 28. Qd6 Bc4) 28. Nfg3 {[%emt 0:00:02] Threatens to win with Nf5.} Bc4 (28... Nf8 $16 {was called for.}) 29. Re3 $18 {[%emt 0:00:07] Strongly threatening Nf5.} Nf6 $2 (29... Be6 {was necessary.} 30. b3 Nf6) 30. b3 $2 (30. Nd6 Rd8 $18) (30. Nf5 $18) 30... Bf7 (30... Nxe4 $16 31. Nxe4 Rd8) 31. Nf5 {[%emt 0:00:04] Pair of Knights!} Rd7 $2 (31... Rc7 32. Ned6 Rd8) 32. Ned6 $2 (32. Nxf6+ $18 Qxf6 33. Qxd7) 32... Red8 $14 33. Rd1 $2 (33. Rxe5 $14 {stays ahead.} Rxd6 34. Qg5 (34. Nxd6 Rxd6 35. Qe2 Rd7 $14)) 33... Nd5 $4 (33... Be6 $19 {Hoping for ...Bxf5.} 34. f4 Bxf5 35. fxe5 Qc6) 34. Rd3 $2 {[%emt 0:00:05] [#]} (34. Rxe5 $18 Rxd6 35. c4 (35. Nxd6 Qxd6 36. Qd4 Qd7 $18)) 34... Rxd6 $4 (34... Nf4 $1 $17 {[%cal Rf4d3] keeps the pressure on.} 35. Qe3 (35. Re3 $2 Bg6 $19) 35... Qxe3 36. Rxe3 Be6) 35. Nxd6 $18 Rxd6 36. c4 Bg6 $2 (36... Qd8 37. cxd5 h6) 37. Rxd5 {[%emt 0:00:02] Weighted Error Value: White=0.85/Black=0.87} 1-0

[Event "Portuguese Team Blitz-ch 2022"]
[Site "Viseu"]
[Date "2022.06.12"]
[Round "3.1"]
[White "Veiga, Jose Francisco R P N"]
[Black "Santos, Jose Guilherme B Lim"]
[Result "1-0"]
[ECO "B15"]
[WhiteElo "2377"]
[BlackElo "2365"]
[Annotator "TA"]
[PlyCount "127"]
[EventDate "2022.06.12"]
[EventType "team-tourn"]
[EventCountry "POR"]
[SourceTitle "playchess.com"]
[Source "ChessBase"]
[SourceQuality "1"]
[TimeControl "180+2"]

1. e4 c6 2. d4 d5 3. Nc3 dxe4 4. Nxe4 Nf6 5. Nxf6+ exf6 6. Nf3 Bd6 7. Bd3 O-O 8. O-O Bg4 9. h3 Bh5 {[%emt 0:00:01] B15: Caro-Kann: 3 Nc3: 3...g6 and 3...dxe4 4 Nxe4 Nf6 5 Nxf6+ exf6.} 10. c3 {[%emt 0:00:09] 10.Bf5 is becoming the main line.} Re8 11. Be3 (11. Qb3 {is interesting.} Qd7 12. Nh4 Be2 13. Bf5) 11... Nd7 {[%emt 0:00:03][%cal Bb8d7,Bd7b6,Bb6d5][%mdl 32] The position is equal.} 12. Bf5 Nb6 13. Bg4 Bg6 {[%emt 0:00:01] [#]} 14. Nh4 $146 {[%emt 0:00:02] Prevents f5.} ({Predecessor:} 14. Nd2 f5 15. c4 Bc7 16. Bxf5 Bxf5 17. Qb3 Qd7 {0-1 (17) Ruszin,P (2140)-Abel,L (2311) Hungary 2001}) 14... Nd5 15. Bd2 b5 ({Black should play} 15... Be4 $11) 16. Nf5 Bc7 17. Qf3 Bxf5 18. Bxf5 Qd6 19. g3 a5 (19... g6 $5 20. Bd3 f5 $11) 20. Rfe1 a4 21. Rad1 g6 22. Bb1 Kg7 23. h4 h5 24. Kg2 Qd7 25. Re4 Rxe4 26. Bxe4 Re8 27. Re1 Re6 28. Bd3 Rxe1 29. Bxe1 Qe6 30. Bd2 f5 31. Qe2 Ba5 32. Qe5+ Qxe5 33. dxe5 $11 {[%emt 0:00:02][%mdl 4096] Endgame KBB-KBN} a3 34. b4 Bb6 35. c4 bxc4 36. Bxc4 Nc7 37. Bc1 Bd4 (37... Nb5 $1 $11 {remains equal.}) 38. Bxa3 $16 {[%emt 0:00:01] A strong pair of Bishops.} Bxe5 ({Black should try} 38... Bc3 $1 $14) 39. Bc1 $18 Bc3 {[%emt 0:00:01] [#]} 40. a3 (40. Bf4 $1 $18 Ne8 41. a3) 40... Kf8 $16 41. Kf3 {[%emt 0:00:02] aiming for Ke2.} Ke7 (41... Nb5 $16) 42. Ke2 ({Better is} 42. Be3 $18) 42... Ne6 (42... Nb5 $16) 43. Bd2 Bd4 (43... Nd4+ $142 44. Kd1 Bxd2 45. Kxd2 f4) 44. a4 $18 Kd6 45. a5 Kc7 46. b5 cxb5 47. Bxb5 {[%emt 0:00:01] Black must now prevent Be8.} Nc5 $2 (47... f4 48. gxf4 Kd6) 48. Be8 Ne4 49. Be1 (49. Bf4+ $18 Kb7 50. Bxf7) 49... Nd6 $16 50. Ba4 Kb7 (50... Bc5 $16 {was necessary.} 51. f4 Kb7) 51. Kd3 (51. Bb4 $18 Kc7 52. f4) 51... Bc5 52. Bb3 f6 $2 (52... Ka6 $16 {is a better defense.} 53. f4 Kb5) 53. Bc4 $2 (53. f4 $18) 53... Ne4 $2 (53... Nxc4 $11 {and Black stays safe.} 54. Kxc4 Kc6) 54. f3 Nd6 55. Bd5+ Ka6 56. Bc6 g5 {[%emt 0:00:01] [#]} 57. g4 $2 (57. f4 $1 $18) 57... fxg4 58. fxg4 hxg4 59. h5 {[%emt 0:00:01][%cal Bh4h5,Bh5h6,Bh6h7][%mdl 32] Threatens to win with h6.} f5 $2 (59... Nf5 $16) 60. h6 $18 Nf7 61. h7 {Bc3 is the strong threat.} f4 62. Bd5 Nh8 63. Bc3 g3 64. Bxh8 {[%emt 0:00:01] Weighted Error Value: White=0.49/Black=0.69} 1-0

[Event "Portuguese Team Blitz-ch 2022"]
[Site "Viseu"]
[Date "2022.06.12"]
[Round "3.2"]
[White "Santos, Antonio P"]
[Black "Martins, Bruno Andre Leite"]
[Result "0-1"]
[ECO "A40"]
[WhiteElo "2182"]
[BlackElo "2327"]
[Annotator "TA"]
[PlyCount "68"]
[EventDate "2022.06.12"]
[EventType "team-tourn"]
[EventCountry "POR"]
[SourceTitle "playchess.com"]
[Source "ChessBase"]
[SourceQuality "1"]
[TimeControl "180+2"]

1. d4 e6 2. c4 b6 3. e4 Bb7 4. Nc3 Bb4 5. Bd3 Nf6 6. f3 Bxc3+ {A50: Queen's Fianchetto Defence (1 d4 Nf6 2 c4 b6).} 7. bxc3 d6 8. Ne2 Nbd7 {White is slightly better.} 9. O-O e5 10. Be3 {[#]} h6 $146 ({Predecessor:} 10... O-O 11. g4 Ne8 12. Ng3 g5 13. Qd2 h6 14. Nf5 Qf6 15. h4 Kh7 16. hxg5 hxg5 17. Bxg5 Qh8 18. Rf2 Qg8 19. Rh2+ Kg6 20. Rh6# {1-0 (20) Reinaldo Dos Santos,J (1946)-Oliveira,F (1229) Pocos de Caldas 2017}) 11. a4 a5 12. Ng3 Qe7 13. Nf5 Qf8 14. Qd2 h5 15. Qf2 ({Better is} 15. Bg5 $16) 15... g6 16. Ng3 (16. Nh4 $14) 16... Qe7 (16... h4 $5 17. Nh1 Nh5 $11) 17. Rab1 h4 18. Ne2 Bc6 19. h3 Nh5 20. d5 Bb7 21. c5 Nxc5 22. Bxc5 dxc5 23. Bb5+ Kf8 24. Rfd1 Rd8 25. c4 Rd6 26. Rb3 $2 {[#]} (26. Qe3 $17 {keeps fighting.}) 26... Kg7 (26... c6 $19 {has better winning chances.} 27. Bxc6 Bxc6 28. Rxb6 Bxa4 29. Rxd6 Qxd6) 27. Re3 $2 (27. Nc3 $17) 27... Rf6 $2 (27... c6 $19 {White must now prevent ...Qg5.} 28. Ra3 cxb5 29. axb5 Rhd8) 28. d6 $2 (28. Qxh4 $11 Nf4 29. Qe1) 28... Rxd6 $19 {Black is clearly winning.} 29. Rxd6 Qxd6 30. Nc3 Qd4 31. Nd5 Bxd5 32. exd5 Nf4 {Prevents Re2.} 33. Re1 Qxf2+ 34. Kxf2 Nd3+ {Weighted Error Value: White=0.73/Black=0.42} 0-1

[Event "Portuguese Team Blitz-ch 2022"]
[Site "Viseu"]
[Date "2022.06.12"]
[Round "3.3"]
[White "Silva, Miguel Antonio Neto"]
[Black "Bartolo, Filipe Diogo Correia"]
[Result "1-0"]
[ECO "A88"]
[WhiteElo "2215"]
[BlackElo "1811"]
[Annotator "TA"]
[PlyCount "81"]
[EventDate "2022.06.12"]
[EventType "team-tourn"]
[EventCountry "POR"]
[SourceTitle "playchess.com"]
[Source "ChessBase"]
[SourceQuality "1"]
[TimeControl "180+2"]

1. Nf3 {[%emt 0:00:04] Roiz,M} f5 2. c4 Nf6 3. Nc3 g6 4. g3 Bg7 5. Bg2 O-O 6. O-O d6 7. d4 c6 8. b3 Na6 {[%emt 0:00:14] 8...Qa5 is the hot move.} 9. Bb2 Qe8 10. Re1 e5 {[%emt 0:00:02] A88: Dutch Defence: Leningrad System: 5 Nf3 0-0 6 0-0 d6 7 Nc3 c6.} 11. dxe5 (11. e4 {is more complex.} f4 12. Ba3 exd4 13. Qxd4 Nd7 14. e5) 11... dxe5 {[%emt 0:00:01] [#]} 12. a3 $146 (12. e4 $11) ({Predecessor:} 12. e4 f4 13. Ba3 Rf7 14. h3 fxg3 15. fxg3 Nh5 16. Kh2 Be6 17. Qe2 Rd8 18. Rad1 {1-0 (56) Juswanto,D (2505)-Hoang,T (2447) Jakarta 2004 CBM 100 [Roiz,M]}) 12... e4 $15 {[%emt 0:00:26] And now ...e3 would win. Black is slightly better.} 13. Nd4 (13. Ng5 $15) 13... Nc5 (13... Ng4 $17 {...e3 is the strong threat.} 14. Nc2 Be6) 14. a4 (14. b4 $15 Ne6 15. Na4) 14... Ng4 $17 {[%emt 0:00:18] White must now prevent ...e3.} 15. h3 $2 {[%emt 0:00:23][%mdl 8192] [#]} (15. b4 $17 {was the only defense.} Bxd4 16. Qxd4) 15... Ne5 $2 (15... e3 $1 $19 {is more deadly.} 16. f4 (16. hxg4 $2 exf2+ 17. Kxf2 fxg4+ 18. Nf3 Bf5 $19) 16... Nf2) 16. Ba3 b6 17. a5 e3 $2 (17... f4 $17 {stays on course.} 18. g4 e3) 18. f4 $16 Nf7 $2 (18... Bd7 $16) 19. Rc1 $2 (19. Bxc6 $18 Qd8 20. Bxa8 Qxd4 21. axb6 $1 axb6 22. Bb4) 19... Nd8 (19... Bd7 $14) 20. Na4 ({White should try} 20. Ncb5 $18) 20... Nxa4 21. Bxf8 ({But not} 21. bxa4 $6 Rf7 $16) 21... Nb2 {[%emt 0:00:04] [#]} 22. Qc2 $1 {[%emt 0:00:04] Hoping for Bxg7.} Qxf8 23. Nxc6 (23. Qxb2 $16 {Strongly threatening Red1.} Bb7 24. a6 Bxa6 25. Red1) 23... Nxc6 $11 24. Bxc6 Rb8 25. axb6 Rxb6 26. Bf3 ({Better is} 26. Bd5+ $11 Kh8 27. c5) 26... Qb4 $1 $15 27. c5 Ra6 (27... Rb5 $1 $17) 28. c6 Qd2 $2 (28... Bd4 $1 $15 {stays ahead.}) 29. c7 $2 (29. Qc5 $18 Qd4 30. Bd5+ Kh8 31. Qd6) 29... Rd6 {[%emt 0:00:02] Prevents Bd5+.} 30. Qc5 Bd4 $2 31. Qxd6 {[%emt 0:00:05] White mates.} Nd3 32. Qd8+ Kf7 33. Bd5+ Kg7 {[%emt 0:00:01] [#]} 34. Qxc8 $1 Nxc1 35. Qd7+ Kh6 {[%emt 0:00:01] [#]} 36. Rxc1 $1 Qxc1+ (36... Qxe2 37. c8=Q) 37. Kh2 Qf1 38. c8=Q Qxe2+ 39. Bg2 Qf2 40. Qf8+ Kh5 41. Qxh7# {[%emt 0:00:01] White used his chance.  Weighted Error Value: White=0.69/Black=0.86} 1-0

[Event "Portuguese Team Blitz-ch 2022"]
[Site "Viseu"]
[Date "2022.06.12"]
[Round "3.4"]
[White "Gallo Garcia, Kemel Antonio"]
[Black "Silva, Goncalo Nuno Neto Pi"]
[Result "0-1"]
[ECO "A10"]
[WhiteElo "2332"]
[BlackElo "2169"]
[Annotator "TA"]
[PlyCount "48"]
[EventDate "2022.06.12"]
[EventType "team-tourn"]
[EventCountry "POR"]
[SourceTitle "playchess.com"]
[Source "ChessBase"]
[SourceQuality "1"]
[TimeControl "180+2"]

1. c4 g6 2. Nc3 Bg7 3. g3 e5 4. Bg2 d6 5. Nf3 Nc6 6. d3 f5 7. O-O Nf6 8. Rb1 O-O 9. Bd2 h6 {[%cal Bh7h6,Bh6h5,Bh5h4][%mdl 32] A26: English Opening vs King's Indian with ...Nc6 and d3.} 10. b4 g5 11. b5 Ne7 {The position is equal.} 12. e3 Ng6 13. Qc2 {[#]} g4 $146 ({Predecessor:} 13... Bd7 14. Ne1 c6 15. bxc6 Bxc6 16. Nd5 Rb8 17. Nxf6+ Qxf6 18. Qb3 Rfc8 19. c5+ Kh8 20. cxd6 Qxd6 {1-0 (44) Wild,M (1559)-Jorczik,A (1357) Willingen 2004}) 14. Ne1 h5 15. f3 h4 16. fxg4 Nxg4 17. Nd5 Nf6 (17... hxg3 $15 18. hxg3 Be6) 18. d4 ({White should try} 18. Qd1 $11) 18... e4 {[#] ...Nxd5 is the strong threat.} 19. Nf4 (19. Nxf6+ $11 {should be considered.} Rxf6 20. g4) 19... Nxf4 (19... Qe8 $5 20. gxh4 Nxf4 21. Rxf4 Bh6 $15) 20. Rxf4 {[%mdl 8192] Now White is beyond hope.} ({Only move:} 20. gxf4 $15 Qe7 21. Rf2) 20... hxg3 $19 21. hxg3 Nh5 $1 22. Rh4 Nxg3 23. Rh3 {[#]} (23. Rh2 Qg5 24. Rb3) 23... f4 24. Qxe4 Nxe4 {Weighted Error Value: White=0.97/Black=0.17 (very precise)} 0-1